 Dungeon Crawl Stone Soup version 0.26.1 (webtiles) character file.

Game seed: 15720734595222188952

107419 Gnirx the Earth Mage (level 16, -4/106 HPs)
             Began as a Gargoyle Earth Elementalist on Feb 5, 2021.
             Was a High Priest of Vehumet.
             Slain by a shadow (24 damage)
             ... on level 14 of the Dungeon.
             The game lasted 02:09:21 (40381 turns).

Gnirx the Earth Mage (Gargoyle Earth Elementalist) Turns: 40381, Time: 02:09:21

Health: -4/106     AC: 21    Str: 17    XL:     16   Next: 46%
Magic:  12/34      EV: 12    Int: 21    God:    Vehumet [*****.]
Gold:   918        SH: 10    Dex: 10    Spells: 21/43 levels left

rFire    + . .     SeeInvis .   g - +0 morningstar
rCold    + . .     Faith    .   s - +0 buckler
rNeg     + . .     Spirit   .   y - +2 robe of Ybeystrad {Str+3 Slay+2}
rPois    ∞         Reflect  +   (no helmet)
rElec    +         Harm     .   Q - scarf {repulsion}
rCorr    .         Rampage  .   z - +1 pair of gloves
Will     +....                  q - +2 pair of boots
Stlth    ++........             D - amulet of reflection
HPRegen  0.27/turn              e - ring of Qysisoj {Wiz rF+ rC+}
MPRegen  0.24/turn              W - ring of wizardry

@: very slightly contaminated, invisible, repel missiles
A: big wings, negative energy resistance 1, electricity resistance, unbreathing,
petrification resistance, miasma immunity, AC +12
a: Fly, Renounce Religion


You were on level 14 of the Dungeon.
You worshipped Vehumet.
Vehumet was extremely pleased with you.
You visited 4 branches of the dungeon, and saw 24 of its levels.

You collected 2050 gold pieces.
You spent 1132 gold pieces at shops.

Inventory:

Hand Weapons
 g - a +0 morningstar (weapon)
 r - a +0 whip of electrocution
 P - a +0 longbow
Missiles
 b - 430 stones
 J - 245 arrows
Armour
 q - a +2 pair of boots (worn)
 s - a +0 buckler (worn)
 t - a +0 cloak
 y - the +2 robe of Ybeystrad (worn) {Str+3 Slay+2}
   (You bought it in a shop on level 5 of the Dungeon)

   It affects your strength (+3).
   It affects your accuracy and damage with ranged weapons and melee attacks
   (+2).
 z - a +1 pair of gloves (worn)
 F - a +2 robe of willpower
 Q - a scarf of repulsion (worn)
Magical Staves
 O - an uncursed staff of earth
Jewellery
 c - the ring "Xenniam" {*Tele +Fly rF+ Dex-4}
   (You took it off a hobgoblin on level 8 of the Dungeon)

   [ring of teleportation]

   It may teleport you next to monsters.
   It affects your dexterity (-4).
   It protects you from fire.
   It lets you fly.
 e - the ring of Qysisoj (left hand) {Wiz rF+ rC+}
   (You found it on level 5 of the Lair of Beasts)

   [ring of wizardry]

   It improves your spell success rate.
   It protects you from fire.
   It protects you from cold.
 k - an uncursed ring of protection from cold
 v - an uncursed ring of willpower
 D - an amulet of reflection (around neck)
 L - an uncursed ring of positive energy
 N - a +6 ring of dexterity
 W - a ring of wizardry (right hand)
Wands
 w - a wand of flame (18)
 A - a wand of digging (15)
 C - a wand of enslavement (9)
 I - a wand of iceblast (39)
 Y - a wand of random effects (28)
Scrolls
 f - 11 scrolls of teleportation
 i - a scroll of fog
 n - 4 scrolls of identify
 x - 10 scrolls of remove curse
 G - 5 scrolls of amnesia
 K - 2 scrolls of immolation
 M - a scroll of summoning
 S - 2 scrolls of enchant weapon
 T - a scroll of enchant armour
 U - 2 scrolls of fear
Potions
 a - 3 potions of invisibility
 d - 2 potions of resistance
 h - 6 potions of might
 j - a potion of heal wounds
 m - 4 potions of curing
 o - 5 potions of lignification
 p - 2 potions of magic
 u - a potion of mutation
 E - 3 potions of cancellation
 H - a potion of haste
 R - a potion of brilliance
Miscellaneous
 l - a lightning rod (4/4)
 V - a tin of tremorstones (2/2)
 X - a phial of floods
 Z - a box of beasts


   Skills:
 + Level 14.0 Fighting
 - Level 2.2(4.4) Maces & Flails
 - Level 6.0(6.2) Staves
 - Level 1.5 Dodging
 - Level 2.1 Stealth
 + Level 5.7 Shields
 + Level 14.1 Spellcasting
 - Level 0.7 Transmutations
 + Level 9.1 Fire Magic
 + Level 16.8 Earth Magic


You had 21 spell levels left.
You knew the following spells:

 Your Spells              Type           Power        Failure   Level
a - Sandblast             Erth           100%         0%          1
b - Passwall              Tmut/Erth      42%          1%          2
c - Stone Arrow           Conj/Erth      100%         1%          3
d - Foxfire               Conj/Fire      100%         1%          1
e - Lee's Rapid Deconstr  Erth           36%          1%          5
f - Sticky Flame          Conj/Fire      34%          1%          4
g - Iron Shot             Conj/Erth      25%          2%          6

Your spell library contained the following spells:

 Spells                   Type           Power        Failure   Level
 Eringya's Noxious Bog    Tmut/Pois      8%           45%         6
 Apportation              Tloc           28%          1%          1
 Corona                   Hex            15%          1%          1
 Magic Dart               Conj           56%          1%          1
 Sting                    Tmut/Pois      64%          1%          1
 Blink                    Tloc           N/A          1%          2
 Corpse Rot               Necr/Air       N/A          1%          2
 Ensorcelled Hibernation  Hex/Ice        28%          1%          2
 Poisonous Vapours        Pois/Air       28%          1%          2
 Searing Ray              Conj           28%          1%          2
 Dazzling Flash           Conj/Hex       28%          1%          3
 Ignite Poison            Fire/Tmut/Pois 28%          1%          3
 Mephitic Cloud           Conj/Pois/Air  14%          1%          3
 Petrify                  Tmut/Erth      51%          1%          4
 Bolt of Magma            Conj/Fire/Erth 25%          1%          5
 Confusing Touch          Hex            14%          3%          3
 Gell's Gravitas          Tloc           7%           3%          3
 Lesser Beckoning         Tloc           7%           3%          3
 Teleport Other           Tloc           14%          3%          3
 Tukima's Dance           Hex            14%          3%          3
 Fulminant Prism          Conj/Hex       7%           4%          4
 Iskenderun's Mystic Bla  Conj/Tloc      14%          4%          4
 Olgreb's Toxic Radiance  Pois           14%          4%          4
 Passage of Golubria      Tloc           N/A          11%         4
 Iskenderun's Battlesphe  Conj           14%          13%         5
 Alistair's Intoxication  Tmut/Pois      10%          26%         5
 Summon Forest            Summ/Tloc      7%           28%         5
 Hydra Form               Tmut           8%           71%         6
 Invisibility             Hex            14%          82%         6
 Orb of Destruction       Conj           7%           94%         7
 Spellforged Servitor     Conj/Summ      7%           94%         7
 Summon Hydra             Summ           7%           100%        7


Dungeon Overview and Level Annotations

Branches:
Dungeon (15/15)            Temple (1/1) D:5            Lair (6/6) D:8
  Swamp (0/4) Lair:2       Spider (0/4) Lair:3        Slime (0/5) Lair:6
    Orc (2/2) D:11            Elf (0/3) Orc:2        Depths (0/5) D:15
 Vaults: D:13-14

Altars:
Cheibriados
Elyvilon
Gozag
Kikubaaqudgha
Makhleb
Nemelex Xobeh
Okawaru
Qazlal
Sif Muna
Trog
Uskayaw
Vehumet
Xom
Zin
The Shining One
Beogh

Shops:
D:5 [   D:10 *   D:11 !   D:13 *   Orc:2 [:*(?

Annotations:
D:3 1 runed translucent door, H0rd4k's ghost, amateur HuAr
D:6 3 runed translucent doors, VeinyPole's ghost, novice DsGl
Lair:2 3 runed translucent doors, Suk Xiy's ghost, journeyman DrTm
Lair:4 exclusion: ice statue
Lair:5 2 transporters, lasso's ghost, journeyman DECj


Innate Abilities, Weirdness & Mutations

You are resistant to torment.
Your stone body is resilient. (AC +12)
You are immune to poison.
Your large and strong wings let you fly indefinitely.
You resist negative energy. (rN+)
You are resistant to electric shocks. (rElec)
You can survive without breathing.
You are immune to petrification.
You are immune to miasma.


Message History

* * * LOW HITPOINT WARNING * * *
The boulder beetle burns!
The boulder beetle burns!
The boulder beetle leaps!
The boulder beetle burns!
Things that are here:
a shapeshifter corpse; a bullfrog corpse A shadow comes into view.
The boulder beetle curls into a ball and begins rolling!
The boulder beetle closely misses you.
The boulder beetle stops rolling and uncurls.
You fade into invisibility!
You block the boulder beetle's attack. The shadow hits you.
You are very lightly contaminated with residual magic.
The shadow hits you.
Things that are here:
a shapeshifter corpse; a bullfrog corpse The shadow slips into darkness.
The shadow flickers and vanishes!
The shadow strikes at you from the darkness!
You die...

#.......#....#
####......#..#
###...W####
###...#
##.{#####
#.††...#
######.###
#.#.+ #.#@#
#.#.# #...#
#####


There were no monsters in sight!

Vanquished Creatures
  A very ugly thing (D:11)
  Josephine (Orc:2)
  9 hydras
  2 boulder beetles (D:13)
  A centaur warrior (D:12)
  6 two-headed ogres
  9 death yaks
  A tengu warrior (D:13)
  Urug (Lair:1)
  Sonja (Orc:1)
  2 unseen horrors
  Pikel (D:8)
  2 lindwurms
  6 orc knights
  An ugly thing (D:12)
  A manticore (D:12)
  4 elephants
  Joseph (D:8)
  5 black mambas
  2 torpor snails
  3 gargoyles (D:13)
  4 centaur skeletons
  14 cane toads
  6 rime drakes
  9 komodo dragons
  A tengu conjurer (D:12)
  A harpy zombie (D:14)
  6 trolls
  4 hornets
  A jumping spider (Lair:3)
  6 polar bears
  13 blink frogs
  18 dream sheep
  6 slime creatures
  15 spriggans
  5 wraiths
  A vampire (D:11)
  3 wyverns
  Eustachio (D:4)
  35 yaks
  3 basilisks
  A vampire mosquito (D:12)
  A soldier ant (D:10)
  6 wargs
  An acid dragon (D:11)
  17 water moccasins
  An acid dragon (shapeshifter) (D:14)
  9 ice beasts
  5 black bears
  5 necrophages
  43 orc warriors
  3 sky beasts
  23 wolves
  A phantom (D:5)
  5 boggarts (Lair:6)
  11 ogres
  9 centaurs
  3 big kobolds
  19 bullfrogs
  2 gnoll sergeants
  A wyvern zombie (D:9)
  A wyvern skeleton (D:11)
  3 scorpions
  11 killer bees
  11 wights
  8 jellies
  2 bullfrog zombies
  6 centaur zombies
  16 orc priests
  9 hounds
  A gnoll shaman (D:7)
  4 bullfrog skeletons
  An iguana (D:13)
  14 orc wizards
  8 worker ants
  5 hell rats (Lair:6)
  A killer bee zombie (D:7)
  A hound zombie (D:10)
  2 worker ant zombies
  18 gnolls
  7 adders
  A shadow imp (D:6)
  5 white imps
  3 ufetubi
  An adder skeleton (D:6)
  3 worms
  A dart slug (D:2)
  8 leopard geckos
  140 orcs
  8 bats
  5 giant cockroaches
  20 goblins
  13 hobgoblins
  8 jackals
  5 quokkas
  A ball python (D:3)
  3 frilled lizards
  33 kobolds
  A quokka skeleton (D:8)
  7 rats
773 creatures vanquished.

Vanquished Creatures (others)
  An orc wizard (D:12)
  A bush (Lair:6)
  A foxfire (D:14)
  63 fungi
  61 plants
127 creatures vanquished.

Grand Total: 900 creatures vanquished

Notes
Turn   | Place    | Note
-------+----------+-------------------------------------------
     0 | D:1      | Gnirx the Gargoyle Earth Elementalist began the quest for
                  | the Orb.
     0 | D:1      | Reached XP level 1. HP: 10/10 MP: 3/3
   561 | D:1      | Reached XP level 2. HP: 13/15 MP: 3/5
   784 | D:1      | Reached skill level 4 in Earth Magic
  1479 | D:2      | Reached XP level 3. HP: 17/19 MP: 7/7
  2158 | D:2      | Reached XP level 4. HP: 20/24 MP: 8/8
  2406 | D:2      | Found an ancient bone altar of Kikubaaqudgha.
  2408 | D:2      | Found a shimmering blue altar of Sif Muna.
  2740 | D:2      | Reached skill level 1 in Maces & Flails
  3077 | D:3      | Noticed an ogre
  3080 | D:3      | Found a runed translucent door.
  3080 | D:3      | Noticed H0rd4k's ghost (amateur HuAr)
  3086 | D:3      | Killed an ogre
  3087 | D:3      | Reached skill level 1 in Fighting
  3087 | D:3      | Reached skill level 5 in Earth Magic
  3087 | D:3      | Reached XP level 5. HP: 22/29 MP: 3/10
  3252 | D:3      | Found a shimmering altar of Xom.
  3309 | D:3      | Found a white marble altar of Elyvilon.
  4296 | D:4      | Reached XP level 6. HP: 33/35 MP: 1/11
  4418 | D:4      | Noticed Eustachio
  4540 | D:4      | Killed Eustachio
  4643 | D:4      | Reached skill level 6 in Earth Magic
  5096 | D:4      | Reached XP level 7. HP: 40/40 MP: 11/13
  5115 | D:4      | Found a glowing golden altar of the Shining One.
  5784 | D:5      | Entered Level 5 of the Dungeon
  5986 | D:5      | Found Muuwiv's Antique Armour Boutique.
  5998 | D:5      | Reached skill level 5 in Spellcasting
  6138 | D:5      | Bought a shimmering robe for 119 gold pieces
  6148 | D:5      | Identified the +2 robe of Ybeystrad {Str+3 Slay+2} (You
                  | bought it in a shop on level 5 of the Dungeon)
  6344 | D:5      | You fall into a shaft and drop 1 floor!
  6485 | D:6      | Learned a level 2 spell: Passwall
  6489 | D:6      | Learned a level 3 spell: Stone Arrow
  6549 | D:6      | Reached skill level 7 in Earth Magic
  6618 | D:6      | Noticed VeinyPole's ghost (novice DsGl)
  6646 | D:6      | Reached XP level 8. HP: 45/45 MP: 12/16
  6830 | D:6      | Found a runed translucent gate.
  6830 | D:6      | Found a runed translucent gate.
  6830 | D:6      | Found a runed translucent gate.
  7055 | D:6      | Found an iron altar of Okawaru.
  7809 | D:7      | Reached skill level 8 in Earth Magic
  8050 | D:7      | Reached skill level 1 in Shields
  8306 | D:7      | Reached XP level 9. HP: 52/52 MP: 14/19
  8405 | D:7      | Found a bloodstained altar of Trog.
  8461 | D:8      | Reached skill level 9 in Earth Magic
  8721 | D:8      | Noticed a two-headed ogre
  8774 | D:7      | Killed a two-headed ogre
  8775 | D:7      | Reached skill level 5 in Fighting
  9105 | D:8      | Reached skill level 10 in Earth Magic
  9261 | D:8      | Identified the ring "Xenniam" {*Tele +Fly rF+ Dex-4}
  9397 | D:5      | Found a staircase to the Ecumenical Temple.
  9406 | Temple   | Entered the Ecumenical Temple
  9421 | Temple   | Became a worshipper of Vehumet
  9944 | D:8      | Noticed Pikel
  9951 | D:8      | Killed Pikel
  9952 | D:8      | Reached XP level 10. HP: 61/61 MP: 17/22
 10011 | D:8      | Found a staircase to the Lair.
 10200 | D:8      | Noticed Joseph
 10217 | D:8      | Killed Joseph
 10390 | D:8      | Reached * piety under Vehumet
 10390 | D:8      | Offered knowledge of Foxfire by Vehumet.
 10420 | D:8      | Learned a level 1 spell: Foxfire
 10834 | D:9      | Reached skill level 11 in Earth Magic
 10978 | D:9      | Offered knowledge of Freeze by Vehumet.
 11001 | D:9      | Reached ** piety under Vehumet
 11046 | D:9      | Noticed a two-headed ogre
 11059 | D:9      | Killed a two-headed ogre
 11615 | D:9      | Reached skill level 12 in Earth Magic
 11776 | D:9      | Reached XP level 11. HP: 48/68 MP: 24/24
 11825 | D:9      | Offered knowledge of Static Discharge by Vehumet.
 11988 | D:9      | Reached *** piety under Vehumet
 12184 | D:9      | Found a hide-covered altar of Uskayaw.
 12229 | D:9      | Found a roughly hewn altar of Beogh.
 12361 | D:9      | Found an opulent altar of Gozag.
 12488 | D:9      | Offered knowledge of Olgreb's Toxic Radiance by Vehumet.
 12684 | D:9      | Found a burning altar of Makhleb.
 12734 | D:9      | Learned a level 5 spell: Lee's Rapid Deconstruction
 12906 | Lair:1   | Entered Level 1 of the Lair of Beasts
 12966 | Lair:1   | Found a dark tunnel.
 12966 | Lair:1   | Noticed a lindwurm
 12985 | Lair:1   | Killed a lindwurm
 13674 | Lair:1   | Noticed Urug
 13697 | Lair:1   | Killed Urug
 13698 | Lair:1   | Reached skill level 13 in Earth Magic
 14080 | Lair:1   | Reached **** piety under Vehumet
 14318 | Lair:1   | Reached skill level 10 in Spellcasting
 14669 | Lair:2   | Offered knowledge of Frozen Ramparts by Vehumet.
 15551 | Lair:2   | Found a runed translucent gate.
 15551 | Lair:2   | Found a runed translucent gate.
 15552 | Lair:2   | Noticed a nine-headed hydra
 15553 | Lair:2   | Noticed a nine-headed hydra
 15555 | Lair:2   | Noticed Suk Xiy's ghost (journeyman DrTm)
 15556 | Lair:2   | Reached XP level 12. HP: 77/77 MP: 19/26
 15600 | Lair:2   | Found a runed translucent gate.
 15658 | Lair:2   | Found a staircase to the Swamp.
 16043 | Lair:3   | Found a hole to the Spider Nest.
 16297 | Lair:3   | Noticed a death yak
 16301 | Lair:3   | Noticed a death yak
 16302 | Lair:3   | Noticed a death yak
 16308 | Lair:3   | Noticed a death yak
 16313 | Lair:2   | Killed a death yak
 16314 | Lair:2   | Reached skill level 10 in Fighting
 16547 | Lair:2   | Killed a death yak
 16618 | Lair:2   | Killed a death yak
 16619 | Lair:2   | Reached skill level 14 in Earth Magic
 16881 | Lair:2   | Killed a death yak
 17194 | Lair:3   | Noticed a four-headed hydra
 17201 | Lair:3   | Killed a four-headed hydra
 18322 | Lair:4   | Noticed a six-headed hydra
 18327 | Lair:4   | Killed a six-headed hydra
 18719 | Lair:4   | Reached skill level 1 in Fire Magic
 18896 | Lair:4   | Reached XP level 13. HP: 84/84 MP: 22/29
 19655 | Lair:4   | Reached ***** piety under Vehumet
 19661 | Lair:4   | Offered knowledge of Freezing Cloud by Vehumet.
 20383 | Lair:5   | Reached skill level 15 in Earth Magic
 20803 | Lair:5   | Identified the +7 spear "Dobuf" {antimagic, *Corrode rElec
                  | Str+2 Int+4}
 20804 | Lair:5   | Found a transporter.
 20807 | Lair:5   | Found a bloodstained altar of Trog.
 20807 | Lair:5   | Noticed lasso's ghost (journeyman DECj)
 20936 | Lair:5   | Identified the +3 trident of Liowaffe {vorpal, *Corrode
                  | Will+++ Str+2 Stlth-}
 20958 | Lair:5   | Found a transporter.
 21223 | Lair:5   | Got a slimy jade ring
 21225 | Lair:5   | Identified the ring of Qysisoj {Wiz rF+ rC+} (You found it
                  | on level 5 of the Lair of Beasts)
 21870 | Lair:6   | Entered Level 6 of the Lair of Beasts
 22009 | Lair:5   | Reached skill level 1 in Staves
 23058 | Lair:6   | Found a staircase to the Slime Pits.
 23231 | Lair:6   | Reached skill level 5 in Fire Magic
 23922 | Lair:5   | Gained mutation: Your large and strong wings let you fly
                  | indefinitely. [Gargoyle growth]
 23922 | Lair:5   | Reached XP level 14. HP: 87/92 MP: 22/30
 26384 | Lair:6   | Reached skill level 16 in Earth Magic
 26982 | Lair:6   | Reached skill level 5 in Staves
 27994 | D:10     | Entered Level 10 of the Dungeon
 27994 | D:10     | Found Asetamis's Assorted Antiques.
 29675 | D:11     | Found Kirel's Distillery.
 29678 | D:11     | Bought a potion of experience for 800 gold pieces
 29678 | D:11     | Reached XP level 15. HP: 99/99 MP: 32/32
 29776 | D:11     | Offered knowledge of Sticky Flame by Vehumet.
 29835 | D:11     | Learned a level 4 spell: Sticky Flame
 30219 | D:11     | Found a staircase to the Orcish Mines.
 31568 | Orc:1    | Entered Level 1 of the Orcish Mines
 31824 | Orc:1    | Noticed Sonja
 31836 | Orc:1    | Killed Sonja
 32470 | Orc:2    | Entered Level 2 of the Orcish Mines
 32471 | Orc:2    | Noticed Josephine
 32782 | Orc:2    | Killed Josephine
 33015 | Orc:2    | Found Zyuhushu's Magic Scroll Shoppe.
 33046 | Orc:2    | Bought a scroll of teleportation for 54 gold pieces
 33046 | Orc:2    | Bought a scroll of teleportation for 54 gold pieces
 33333 | Orc:2    | Offered knowledge of Yara's Violent Unravelling by Vehumet.
 33435 | Orc:1    | Learned a level 6 spell: Iron Shot
 34321 | Orc:2    | Reached XP level 16. HP: 97/104 MP: 19/33
 34563 | Orc:2    | Found a roughly hewn altar of Beogh.
 34624 | Orc:2    | Found Qedam's Book Shop.
 34624 | Orc:2    | Found Rutacl Zyda's Armour Emporium.
 34675 | Orc:2    | Found a staircase to the Elven Halls.
 35368 | Orc:2    | Found Xediwu's Weapon Shop.
 35368 | Orc:2    | Found Etawik's Assorted Antiques.
 35581 | Orc:2    | Bought a scroll of teleportation for 105 gold pieces
 36719 | D:11     | Offered knowledge of Eringya's Noxious Bog by Vehumet.
 37762 | D:12     | Reached skill level 5 in Shields
 40029 | D:13     | Found Lyloinn's General Store.
 40224 | D:13     | You fall into a shaft and drop 2 floors!
 40224 | D:15     | Entered Level 15 of the Dungeon
 40381 | D:14     | Slain by a shadow

Illustrated notes

Levels and vault maps discovered:
D:1:      sevenhm_arrival_forest_fort_small_5, layout_basic
D:2:      layout_loops_ring, nicolae_overflow_hidden_temple
D:3:      layout_basic, elyvilon_altar_5, hellmonk_ghost_happy_afterlife,
          grunt_ministairs_11, xom_teletrap_fun
D:4:      layout_cave_pods, marbit_many_paths, uniq_eustachio
D:5:      layout_loops_ring, temple_statues, serial_shops, nicolae_shop_trees
D:6:      layout_basic, kennysheep_okawaru_gauntlet, gammafunk_ghost_icy,
          hex_large
D:7:      layout_rooms, lemuel_doored_altar, serial_bayou_crossing
D:8:      corexii_shantytown, layout_rooms, dpeg_oklobed_lair, uniq_pikel,
          uniq_joseph
D:9:      wad_crossroads, layout_rooms, lemuel_round_altar,
          lemuel_coloured_pillars_altar, special_room [special_room_orc],
          basic_altar
D:10:     layout_long_grid, serial_shops, shop_statue
D:11:     layout_layer_cave, david_orc_2, serial_shops, kennysheep_mini_moat,
          hangedman_decor_clover_reticule
D:12:     layout_loops_cross, grunt_tough_drop
D:13:     layout_gridville, drop_trap, kennysheep_small_square
D:14:     layout_cave_pools, david_vaults_1, kennysheep_generic_room_10
D:15:     hangedman_depths_entry_try_elsewhere_first, layout_gridville,
          basic_altar, hangedman_abyss_or_decor_stagger,
          chequers_serial_rivers_micro_d, hangedman_decor_peaks_small,
          nicolae_qazlal_eye_of_the_storm
Temple:   eino_temple_water
Lair:1:   layout_chaotic_city, nicolae_volcano_entry_vermiform,
          lemuel_fruit_tree, infiniplex_staircase_pool_2, uniq_urug
Lair:2:   layout_regular_city, swamp_mist, gammafunk_ghost_hydra_chop,
          roderic_carrion_pond
Lair:3:   layout_hall_layers, spider_nest_entry_a, forest_entry_grove
Lair:4:   layout_gridlike, ice2_lemuel, infiniplex_staircase_pool
Lair:5:   layout_roguey, gammafunk_ghost_wrathful_warriors, minmay_holes,
          grunt_megastairs_3, lemuel_fruit_fields
Lair:6:   minmay_lair_end_enchanted_forest, layout_cave_pods,
          minmay_slime_entry_pillars, gauntlet_entry_generic, grunt_megastairs_5
Orc:1:    layout_caves, minmay_orc_keep, uniq_sonja
Orc:2:    st_orc_town, layout_diamond_mine, serial_shops, shop, uniq_josephine

Skill      XL: |  1  2  3  4  5  6  7  8  9 10 11 12 13 14 15 16 |
---------------+-------------------------------------------------+-----
Earth Magic    | 4 5 6 7 8 10 12 13 14 15 16 | 16.8
Spellcasting   | 3 4 5 7 8 9 10 12 13 14 | 14.1
Maces & Flails | 2 |  2.2
Fighting       | 1 2 4 6 8 9 11 12 13 14 | 14.0
Shields        | 1 3 4 5 |  5.7
Fire Magic     | 1 5 7 8 9 |  9.1
Staves         | 3 5 6 |  6.0
Dodging        | |  1.5
Stealth        | |  2.1
Transmutations | |  0.7

Action                   |  1- 3 |  4- 6 |  7- 9 | 10-12 | 13-15 | 16-18 || total
-------------------------+-------+-------+-------+-------+-------+-------++-------
Melee: Unarmed           |    36 |       |       |       |       |       ||    36
       Whip              |   118 |    14 |       |       |       |       ||   132
       Mace              |       |   112 |       |       |       |       ||   112
       Flail             |       |    13 |    71 |       |       |       ||    84
       Staff             |       |       |    15 |   202 |   100 |    19 ||   336
       Morningstar       |       |       |       |       |     4 |    48 ||    52
 Cast: Sandblast         |    18 |    45 |   160 |   102 |       |       ||   325
       Passwall          |       |       |       |     1 |       |       ||     1
       Stone Arrow       |       |       |       |   282 |   649 |   277 ||  1208
       Lee's Rapid Decon |       |       |       |       |    30 |    22 ||    52
       Sticky Flame      |       |       |       |       |       |     1 ||     1
       Foxfire           |       |       |       |       |       |     1 ||     1
Evoke: Wand              |       |       |       |       |       |     2 ||     2
  Use: Scroll            |     3 |     1 |     9 |    12 |     6 |     4 ||    35
       Potion            |       |       |       |       |     5 |     5 ||    10
 Stab: Sleeping          |     4 |     1 |     1 |       |       |       ||     6
Armor: Robe              |    62 |    70 |    78 |   130 |   263 |   118 ||   721
Dodge: Dodged            |   128 |   170 |   130 |   250 |   244 |   139 ||  1061
       Repelled          |       |       |       |     1 |     4 |     2 ||     7
Block: Other             |       |       |    28 |       |       |       ||    28
       Buckler           |       |       |    13 |   237 |   253 |   113 ||   616
       Reflection        |       |       |     6 |     8 |    12 |    18 ||    44
